 Dungeon Crawl Stone Soup version 0.31.0 (webtiles) character file.

Game seed: 18378047404802564759

1476 qw the Skirmisher (level 8, -3/51 HPs)
             Began as a Gargoyle Hunter on Jan 19, 2024.
             Was a Believer of Okawaru.
             Slain by a gnoll
             ... wielding a +0 flail
             ... led by a gnoll bouda
              (8 damage)
             ... on level 6 of the Dungeon.
             The game lasted 00:00:23 (4209 turns).

qw the Skirmisher (Gargoyle Hunter)                 Turns: 4209, Time: 00:00:23

Health: -3/51      AC: 11    Str: 15    XL:     8   Next: 78%
Magic:  11/11      EV: 11    Int: 10    God:    Okawaru [**....]
Gold:   163        SH:  5    Dex: 15    Spells: 7/7 levels left

rFire   . . .        g - +0 orcbow
rCold   . . .        (shield currently unavailable)
rNeg    + . .        e - +0 ring mail
rPois   inf          (no helmet)
rElec   +            (no cloak)
rCorr   .            (no gloves)
SInv    .            (no boots)
Will    .....        b - amulet of reflection
Stlth   +            (no ring)
HPRegen 0.28/turn    (no ring)
MPRegen 0.12/turn

%: reflection
@: no status effects
A: sickness immunity, AC +5, negative energy resistance 1, electricity
resistance, torment resistance 1, petrification resistance
a: Renounce Religion, Heroism


You were on level 6 of the Dungeon.
You worshipped Okawaru.
Okawaru was pleased with you.
You visited 2 branches of the dungeon, and saw 7 of its levels.

You collected 382 gold pieces.
You spent 219 gold pieces at shops.


Innate Abilities, Weirdness & Mutations

You are immune to sickness and miasma.
Your stone body is resilient. (AC +5)
You are immune to poison.
You resist negative energy. (rN+)
You are resistant to electric shocks. (rElec)
You are resistant to unholy torment.
You are immune to petrification.


   Skills:
 + Level 5.7 Fighting
 - Level 9.0 Ranged Weapons
 - Level 2.2 Armour
 - Level 2.1 Dodging
 - Level 1.1 Stealth
 - Level 4.0 Invocations


You had 7 spell levels left.
You didn't know any spells.
Your spell library was empty.

Inventory:

Hand Weapons
 g - a +0 orcbow (weapon)
Armour
 e - a +0 ring mail (worn)
Jewellery
 b - an amulet of reflection (around neck)
Wands
 c - a wand of paralysis (4)
 k - a wand of iceblast (3)
Scrolls
 a - a scroll of enchant armour
Potions
 d - a potion of mutation
 f - a potion of curing {unknown}

Dungeon Overview and Level Annotations

Branches:
Dungeon (6/15)             Temple (1/1) D:4

Altars:
Cheibriados
Dithmenos
Elyvilon
Fedhas
Hepliaklqana
Kikubaaqudgha
Makhleb
Nemelex Xobeh
Okawaru
Qazlal
Ru
Sif Muna
Trog
Uskayaw
Vehumet
Xom
Yredelemnul
Zin
The Shining One

Shops:
D:5 *

Annotations:
D:5 2 transporters, qw's ghost, amateur GrHu


Message History

You shoot an arrow. The arrow hits the adder!
You kill the adder!
Okawaru accepts your kill.
You hear a shout!
A scorpion comes into view.
The scorpion moves out of view.
You hear a shout!
You shoot an arrow. The arrow hits the gnoll bouda.
The gnoll bouda is almost dead.
You block the gnoll bouda's attack.
You shoot an arrow. The arrow hits the gnoll bouda.
The gnoll bouda is almost dead.
The gnoll bouda gazes fiercely through you!
You feel your attacks grow feeble. The gnoll bouda closely misses you.
You shoot an arrow. The arrow hits the gnoll bouda.
You kill the gnoll bouda!
Okawaru accepts your kill. The gnoll hits you with a +0 flail!
You shoot an arrow. The arrow closely misses the gnoll.
The arrow hits the gnoll!
The gnoll is almost dead.
The gnoll barely misses you.
You shoot an arrow. The arrow hits the gnoll.
The gnoll is lightly wounded.
The gnoll closely misses you.
You shoot an arrow.
The arrow hits the gnoll but does no damage.
The gnoll is lightly wounded.
The gnoll is no longer moving quickly.
The gnoll closely misses you. You block the gnoll's attack.
You shoot an arrow. The arrow barely misses the gnoll.
The arrow hits the gnoll but does no damage.
The gnoll is almost dead.
The gnoll is no longer moving quickly. x2; The gnoll completely misses you.
You block the gnoll's attack.
You shoot an arrow. The arrow barely misses the gnoll. x2
Your attacks no longer feel as feeble.
The gnoll barely misses you. The gnoll hits you with a +0 flail!
You die...

## .. .# ## !# ######.#
#.. .. .) .....#.# #.#
##.# ..# .#.<...###.#
...##%# #..#.......#
#...$. ##....#....# ....#
#..#....##.#######g#.#
..%)...###......@gg..###..
%###.#.###.#######.......#
.# #........####......#...
.............?...........#
....[..##...##############
####.######## ...# #####


You could see 3 gnolls.

Vanquished Creatures
  A black bear (D:5)
  2 ogres
  2 centaurs (D:6)
  A phantom (D:5)
  4 scorpions
  A wight (D:6)
  4 hounds
  5 jellies
  A bombardier beetle (D:3)
  A gnoll bouda (D:6)
  A sleepcap (D:6)
  An iguana (D:6)
  4 orc wizards
  A gnoll (D:2)
  12 adders
  A shadow imp (D:5)
  2 ufetubi (D:6)
  A dart slug (D:3)
  A ribbon worm (D:2)
  11 orcs
  6 endoplasms
  A giant cockroach (D:1)
  2 goblins
  2 hobgoblins
  6 kobolds
  5 quokkas
  5 ball pythons
  6 bats
  3 frilled lizards
  5 rats
98 creatures vanquished.

Notes
Turn   | Place    | Note
-------+----------+-------------------------------------------
     0 | D:1      | qw the Gargoyle Hunter began the quest for the Orb.
     0 | D:1      | Reached XP level 1. HP: 12/12 MP: 1/1
     0 | D:1      | 0 ||| qw: Version: 0.3-a-132-g3d54051
     0 | D:1      | 0 ||| qw: Game counter: 249
     0 | D:1      | 0 ||| qw: Melee chars always use a shield: true
     0 | D:1      | 0 ||| qw: God list: Okawaru
     0 | D:1      | 0 ||| qw: Allow faded altars: false
     0 | D:1      | 0 ||| qw: Do Orc after clearing Dungeon:15 true
     0 | D:1      | 0 ||| qw: Do second Lair branch before Depths: true
     0 | D:1      | 0 ||| qw: Lair rune preference: random
     0 | D:1      | 0 ||| qw: Goals: Normal
     0 | D:1      | 0 ||| PLANNING D:1-11
   180 | D:1      | Reached XP level 2. HP: 17/17 MP: 2/2
   376 | D:1      | Found a faded altar of an unknown god.
   590 | D:1      | 590 ||| READING scroll labelled HYDWEOGI LIOPH.
   590 | D:1      | 590 ||| ENCHANTING +0 shortbow.
   591 | D:1      | 591 ||| READING 2 scrolls labelled ICUJYC RAORI.
   692 | D:1      | 692 ||| DROPPING scroll of butterflies.
   693 | D:1      | 693 ||| DROPPING scroll of vulnerability.
   723 | D:2      | 723 ||| STAIRDANCE
   727 | D:1      | Reached XP level 3. HP: 21/21 MP: 3/3
   732 | D:2      | Reached skill level 5 in Ranged Weapons
   771 | D:2      | Found a basalt altar of Yredelemnul.
   847 | D:2      | Reached skill level 3 in Fighting
   893 | D:2      | Reached XP level 4. HP: 28/28 MP: 4/4
  1351 | D:2      | 1351 ||| READING scroll labelled QASI DUOSO.
  1352 | D:2      | 1352 ||| READING scroll labelled AJY WEAJUCID.
  1413 | D:3      | Reached skill level 6 in Ranged Weapons
  1413 | D:3      | Reached XP level 5. HP: 32/32 MP: 5/5
  1513 | D:3      | 1513 ||| FLEEEEING.
  1513 | D:3      | HP: 6/32 [burnt (4)]
  1522 | D:3      | HP: 8/32 [quokka (1)]
  1764 | D:3      | 1764 ||| FLEEEEING.
  1868 | D:3      | Found a faded altar of an unknown god.
  1871 | D:3      | Found a shadowy altar of Dithmenos.
  1934 | D:3      | Found a shimmering altar of Xom.
  1935 | D:3      | Found a stormy altar of Qazlal.
  1939 | D:3      | 1939 ||| UPGRADING to +0 ring mail.
  1949 | D:3      | 1949 ||| DROPPING +0 leather armour.
  1950 | D:3      | 1950 ||| READING scroll labelled KYMEAWY GIQYBB.
  1950 | D:3      | 1950 ||| ENCHANTING +1 shortbow.
  1951 | D:3      | 1951 ||| READING 2 scrolls labelled EDIACUF QOISIR.
  1952 | D:3      | 1952 ||| READING scroll labelled HETO UVAELUWAI.
  1952 | D:3      | 1952 ||| IDENTIFYING sedimented clear potion
  1953 | D:3      | 1953 ||| DROPPING scroll of blinking.
  1987 | D:4      | Found a sacrificial altar of Ru.
  2038 | D:4      | Found a radiant altar of Vehumet.
  2048 | D:4      | 2048 ||| FLEEEEING.
  2058 | D:4      | 2058 ||| READING scroll labelled POQYFUX NEUBB.
  2059 | D:4      | 2059 ||| FLEEEEING.
  2071 | D:4      | 2071 ||| STAIRDANCE
  2220 | D:4      | 2220 ||| FLEEEEING.
  2228 | D:4      | 2228 ||| STAIRDANCE
  2230 | D:3      | 2230 ||| UPGRADING to amulet of reflection.
  2235 | D:3      | 2235 ||| DRINKING 2 purple potions.
  2415 | D:4      | Found a sparkling altar of Nemelex Xobeh.
  2429 | D:4      | 2429 ||| READING scroll of enchant weapon.
  2429 | D:4      | 2429 ||| ENCHANTING +1 shortbow.
  2532 | D:4      | Reached XP level 6. HP: 35/38 MP: 6/6
  2580 | D:4      | Found a staircase to the Ecumenical Temple.
  2581 | D:4      | 2581 ||| PLANNING TEMPLE
  2589 | Temple   | Entered the Ecumenical Temple
  2590 | Temple   | 2590 ||| PLANNING OKAWARU WORSHIP
  2607 | Temple   | Became a worshipper of Warmaster Okawaru
  2608 | Temple   | 2608 ||| PLANNING D:1-11
  2753 | D:5      | Entered Level 5 of the Dungeon
  2881 | D:5      | Found a burning altar of Makhleb.
  2958 | D:5      | 2958 ||| FLEEEEING.
  2959 | D:5      | 2959 ||| FLEEEEING.
  2960 | D:5      | 2960 ||| FLEEEEING.
  2961 | D:5      | 2961 ||| FLEEEEING.
  2972 | D:5      | 2972 ||| FLEEEEING.
  2975 | D:5      | 2975 ||| FLEEEEING.
  2976 | D:5      | 2976 ||| FLEEEEING.
  2977 | D:5      | 2977 ||| FLEEEEING.
  2978 | D:5      | 2978 ||| FLEEEEING.
  2979 | D:5      | 2979 ||| FLEEEEING.
  2980 | D:5      | 2980 ||| FLEEEEING.
  2981 | D:5      | 2981 ||| STAIRDANCE
  3052 | D:5      | 3052 ||| STAIRDANCE
  3116 | D:5      | 3116 ||| FLEEEEING.
  3127 | D:5      | 3127 ||| FLEEEEING.
  3138 | D:5      | 3138 ||| FLEEEEING.
  3154 | D:5      | 3154 ||| FLEEEEING.
  3212 | D:5      | Found a transporter.
  3214 | D:5      | Noticed qw's ghost (amateur GrHu)
  3215 | D:5      | Found a transporter.
  3256 | D:5      | Reached skill level 7 in Ranged Weapons
  3256 | D:5      | Reached XP level 7. HP: 42/43 MP: 7/7
  3274 | D:5      | 3274 ||| DRINKING potion of haste.
  3276 | D:5      | 3276 ||| FLEEEEING.
  3334 | D:5      | 3334 ||| FLEEEEING.
  3400 | D:5      | Found Lagha Leosu's Assorted Antiques.
  3410 | D:5      | 3410 ||| BUYING bronze ring (85 gold).
  3410 | D:5      | Bought a bronze ring for 85 gold pieces
  3410 | D:5      | 3410 ||| BUYING fuming red potion (15 gold).
  3410 | D:5      | Bought a fuming red potion for 15 gold pieces
  3410 | D:5      | 3410 ||| BUYING scroll labelled GEOFAT LOZOUF (17 gold).
  3410 | D:5      | Bought a scroll labelled GEOFAT LOZOUF for 17 gold pieces
  3410 | D:5      | 3410 ||| BUYING scroll labelled OJOIDWOAWK (17 gold).
  3410 | D:5      | Bought a scroll labelled OJOIDWOAWK for 17 gold pieces
  3410 | D:5      | 3410 ||| BUYING scroll labelled RYPPUBRA ADEMM (17 gold).
  3410 | D:5      | Bought a scroll labelled RYPPUBRA ADEMM for 17 gold pieces
  3410 | D:5      | 3410 ||| BUYING shiny lead wand (68 gold).
  3410 | D:5      | Bought a shiny lead wand for 68 gold pieces
  3416 | D:5      | Reached * piety under Okawaru
  3458 | D:5      | Reached skill level 8 in Ranged Weapons
  3458 | D:5      | Reached skill level 1 in Invocations
  3462 | D:5      | 3462 ||| FLEEEEING.
  3747 | D:5      | 3747 ||| DROPPING ring of poison resistance.
  3748 | D:5      | 3748 ||| READING scroll of identify.
  3748 | D:5      | 3748 ||| IDENTIFYING fuming red potion
  3749 | D:5      | 3749 ||| READING scroll labelled GEOFAT LOZOUF.
  3750 | D:5      | 3750 ||| READING scroll labelled OJOIDWOAWK.
  3751 | D:5      | 3751 ||| FLEEEEING.
  3754 | D:5      | 3754 ||| READING scroll labelled RYPPUBRA ADEMM.
  3788 | D:5      | 3788 ||| DROPPING potion of lignification.
  3847 | D:6      | Reached XP level 8. HP: 43/49 MP: 8/10
  3847 | D:6      | 3847 ||| FLEEEEING.
  3856 | D:6      | 3856 ||| STAIRDANCE
  3897 | D:6      | Reached skill level 3 in Invocations
  3912 | D:6      | 3912 ||| FLEEEEING.
  3922 | D:6      | 3922 ||| STAIRDANCE
  4085 | D:6      | 4085 ||| READING scroll of enchant weapon.
  4085 | D:6      | 4085 ||| ENCHANTING +2 shortbow.
  4105 | D:6      | 4105 ||| FLEEEEING.
  4109 | D:6      | 4109 ||| STAIRDANCE
  4123 | D:6      | 4123 ||| SWAPPING to +0 orcbow.
  4124 | D:6      | 4124 ||| DROPPING +3 shortbow.
  4168 | D:6      | Reached ** piety under Okawaru
  4169 | D:6      | 4169 ||| RETREEEEATING.
  4172 | D:6      | 4172 ||| RETREEEEATING.
  4187 | D:6      | Reached skill level 9 in Ranged Weapons
  4195 | D:6      | HP: 11/49 [wight/+0 falchion (3)]
  4204 | D:6      | HP: 3/50 [gnoll/+0 flail[a gnoll bouda] (10)]
  4209 | D:6      | Slain by a gnoll

Levels and vault maps discovered:
D:1:      heliophobic_arrival_ceremonial_halls, layout_loops_cross,
          ebering_ecumenical_altar_sacrificial
D:2:      kb_forest_paths, layout_basic, basic_altar
D:3:      layout_rooms, nicolae_overflow_ecumenical_swirl,
          gammafunk_temple_overflow_statue
D:4:      layout_gridville, mainiacjoe_overflow_cross_hatched,
          nicolae_ru_sacrificial_ziggurat, mainiacjoe_overflow_brackets,
          minmay_temple_entry_antechambers
D:5:      layout_loops_ring, kennysheep_mini, serial_shops, shop,
          gammafunk_ghost_mausoleum
D:6:      layout_loops_ring, minmay_fractal_squares_5
Temple:   minmay_temple_curvy_loop

Skill      XL: |  1  2  3  4  5  6  7  8 |
---------------+-------------------------+-----
Ranged Weapons | 5 6 7 8 9 |  9.0
Fighting       | 3 4 5 |  5.7
Armour         | 2 |  2.2
Invocations    | 2 4 |  4.0
Dodging        | 2 |  2.1
Stealth        | |  1.1

Action                     |  1- 3 |  4- 6 |  7- 9 || total
---------------------------+-------+-------+-------++-------
   Fire: Shortbow          |    97 |   176 |   111 ||   384
         Orcbow            |       |       |    57 ||    57
    Use: Scroll            |     2 |     7 |     5 ||    14
         Potion            |       |     1 |     1 ||     2
 Armour: Leather armour    |    31 |    14 |       ||    45
         Ring mail         |       |    52 |    81 ||   133
  Dodge: Dodged            |    35 |    40 |    75 ||   150
  Block: Other             |       |    15 |    31 ||    46
         Reflection        |       |       |     4 ||     4

Table legend:
 A = Non-vault XP
 B = Vault XP
 C = Vault XP percentage of total XP
 D = Non-vault monster count
 E = Vault monster count
 F = Vault count percentage of total count
                 A         B        C        D         E       F
            +---------+---------+-------+---------+---------+-------
      Total |    1760 |     349 |  16.5 |      85 |      13 |  13.3
            +---------+---------+-------+---------+---------+-------
        D:1 |      35 |       0 |   0.0 |      17 |       0 |   0.0
        D:2 |      47 |      36 |  43.4 |       9 |       6 |  40.0
        D:3 |     183 |       0 |   0.0 |      17 |       0 |   0.0
        D:4 |     132 |       0 |   0.0 |       7 |       0 |   0.0
        D:5 |     711 |       0 |   0.0 |      20 |       0 |   0.0
        D:6 |     652 |     313 |  32.4 |      15 |       7 |  31.8
            +---------+---------+-------+---------+---------+-------
